 Dungeon Crawl Stone Soup version 0.31-a0-145-g046c7d2549 (webtiles) character file.

Game seed: 14526130664483982262

30 Edyrem the Slasher (level 3, 0/30 HPs)
             Began as a Draconian Reaver on June 6, 2023.
             Succumbed to an adder's poison
             ... on level 1 of the Dungeon.
             The game lasted 00:02:01 (873 turns).

Edyrem the Slasher (Draconian Reaver)                Turns: 873, Time: 00:02:02

Health: 0/30       AC:  5    Str: 16    XL:     3   Next: 3%
Magic:  3/6        EV: 12    Int: 13    God:
Gold:   26         SH:  0    Dex:  9    Spells: 3/6 levels left

rFire   . . .        a - +0 falchion
rCold   . . .        (no shield)
rNeg    . . .        (body armour unavailable)
rPois   .            (helmet restricted)
rElec   .            (no cloak)
rCorr   .            (no gloves)
SInv    .            (no boots)
Will    .....        (no amulet)
Stlth   +            (no ring)
HPRegen 0.25/turn    (no ring)
MPRegen 0.10/turn

%: no passive effects
@: lethally poisoned (0 -> 0), immotile
A: AC +5, unfitting armour, cold-blooded
a: no special abilities


You were on level 1 of the Dungeon.
You visited 1 branch of the dungeon, and saw 2 of its levels.

You collected 26 gold pieces.

Inventory:

Hand Weapons
 a - a +0 falchion (weapon)
Scrolls
 c - a scroll of fear


   Skills:
 + Level 2.6 Fighting
 + Level 3.2 Long Blades
 + Level 2.1 Dodging
 + Level 2.2 Spellcasting
 + Level 3.2 Conjurations


You had 3 spell levels left.
You knew the following spells:

 Your Spells              Type           Power      Damage    Failure   Level
a - Kiss of Death         Conj/Necr      20%        2d7       13%         1
b - Momentum Strike       Conj/Tloc      10%        3d8       19%         2

Your spell library contained the following spells:

 Spells                   Type           Power      Damage    Failure   Level
 Hailstorm                Conj/Ice       5%         3d4       36%         3


Dungeon Overview and Level Annotations

Branches:
Dungeon (2/15)

Altars:


Innate Abilities, Weirdness & Mutations

Your plain brown scales are hard. (AC +5)
You cannot fit into any form of body armour.
You are cold-blooded and may be slowed by cold attacks.


Message History

The adder barely misses you. The hobgoblin hits you.
* * * LOW HITPOINT WARNING * * *
You climb upwards.
There is a stone staircase leading down here.
You miss the adder.
The adder is heavily wounded.
The adder barely misses you. The adder bites you.
* * * LOW HITPOINT WARNING * * *
You are lethally poisoned!
The adder poisons you!
It was a potion of magic.
Magic courses through your body.
* * * LOW HITPOINT WARNING * * *
You feel sick. The adder closely misses you.
Casting: Momentum Strike (safe; 21% risk of failure)
Confirm with . or Enter, or press ? or * to list all spells.
Aiming: Momentum Strike (safe; 21% risk of failure)
Press: ? - help, Dir - move target, f - adder
Aim: an adder (heavily wounded, 48% to hit)
The concentrated momentum hits the adder!
You kill the adder!
You are unable to move.
* * * LOW HITPOINT WARNING * * *
You feel sick.
You have reached level 3!
Your experience leads to an increase in your attributes!
Increase (S)trength, (I)ntelligence, or (D)exterity?
You feel stronger. x2; Your scales feel tougher.
Casting: Momentum Strike (safe; 19% risk of failure)
Confirm with . or Enter, or press ? or * to list all spells.
You cannot redirect your momentum while unable to move.
You hit the hobgoblin.
The hobgoblin is heavily wounded.
* * * LOW HITPOINT WARNING * * *
You feel sick. The hobgoblin barely misses you.
You aren't carrying any potions.
Unknown command.
As you read the scroll labelled CABLO XIATODES, it crumbles to dust.
It is a scroll of identify.
c - a scroll of fear You die...

###############
#..†..........#
#.###########.#
#.# #.# ##.##
#.#
######...######
#.# #
#......#......#
#[# #
#.####...####g#
#.# # #.# ##.##
#@# #.# # #.#
#.# #.# #.# #
#.# #.# #.# #.#
####.#
#.#####.#####.#
...#.#
#.)...........#
.....#
########.#######
##.###
#.....(..# ##.#
#.######## ##.#
#.#


You could see a hobgoblin.

Vanquished Creatures
  An adder (D:1)
  2 ball pythons (D:1)
  2 endoplasms (D:1)
  4 goblins (D:1)
  2 quokkas (D:1)
  2 bats (D:1)
  3 frilled lizards (D:1)
  3 kobolds (D:1)
  2 rats (D:1)
21 creatures vanquished.

Notes
Turn   | Place    | Note
-------+----------+-------------------------------------------
     0 | D:1      | Edyrem the Draconian Reaver began the quest for the Orb.
     0 | D:1      | Reached XP level 1. HP: 17/17 MP: 3/3
   331 | D:1      | Reached XP level 2. HP: 19/25 MP: 5/5
   357 | D:1      | Learned a level 2 spell: Momentum Strike
   872 | D:1      | Reached XP level 3. HP: 3/30 MP: 3/6
   872 | D:1      | HP: 1/30 [poisoned by an adder]
   873 | D:1      | Succumbed to an adder's poison

Illustrated notes

Levels and vault maps discovered:
D:1:      nzn_arrival_crosshair, layout_loops_ring
D:2:      layout_rooms, minmay_pentomino_pile

Skill      XL: |  1  2 |
---------------+-------+-----
Dodging        | 2 |  2.1
Fighting       | |  2.6
Long Blades    | |  3.2
Spellcasting   | |  2.2
Conjurations   | |  3.2

Action                     || total
---------------------------++-------
  Melee: Falchion          ||    84
         Tailslap          ||     4
   Cast: Momentum Strike   ||     1
    Use: Potion            ||     1
         Scroll            ||     1
 Armour: Skin              ||    25
  Dodge: Dodged            ||    62

Table legend: (Time is in decaauts)
 A = Elapsed time spent in this place.
 B = Non-inter-level travel time spent in this place.
 C = Inter-level travel time spent in this place.
 D = Time resting spent in this place.
 E = Time spent auto-exploring this place.
 F = Levels seen in this place.
 G = Mean time per level.
                   A        B        C        D        E       F      G
               +--------+--------+--------+--------+--------+-----+--------+
         Total |    886 |    862 |     24 |     19 |    639 |   2 |  443.0 |
       Dungeon |    886 |    862 |     24 |     19 |    639 |   2 |  443.0 |
               +--------+--------+--------+--------+--------+-----+--------+

Top non-repeatable levels by time:
     D:1: 875 daAuts
     D:2: 10 daAuts
